 Dungeon Crawl Stone Soup version 0.24-a0-235-g3f03afcf10 (webtiles) character file.

Game seed: 16964325617996824118

31417 Esekla the Carver (level 13, -8/89 HPs)
             Began as an Octopode Abyssal Knight on Apr 4, 2019.
             Was the Champion of Lugonu.
             Mangled by a catoblepas (12 damage)
             ... on level 6 of the Lair of Beasts on Apr 8, 2019.
             The game lasted 02:57:06 (18601 turns).

Esekla the Carver (Octopode Abyssal Knight)        Turns: 18601, Time: 02:57:09

Health: -8/89      AC:  1    Str: 15    XL:     13   Next: 58%
Magic:  15/15      EV: 26    Int: 14    God:    Lugonu [******]
Gold:   1406       SH: 22    Dex: 13    Spells: 12/12 levels left

rFire    . . .     SeeInvis .   a - +8 falchion (distort)
rCold    . . .     Gourm    +   F - +1 large shield {rN+}
rNeg     + . .     Faith    .   (helmet restricted)
rPois    +         Spirit   .   x - amulet of the gourmand
rElec    .         Reflect  .   c - ring of flight
rCorr    .         Harm     .   u - +6 ring of evasion
MR       .....                  K - ring of poison resistance
Stlth    +++.......             R - +4 ring of evasion
HPRegen  0.24/turn              (no ring)
MPRegen  0.14/turn              (no ring)
                                (no ring)
                                (no ring)

@: about to teleport, slowed, very slow
A: almost no armour, stealthy swim, amphibious, 8 rings, constrict 8, tentacle
spike 1, large bone plates 1, camouflage 1, sense surroundings 1, gelatinous
body 1
a: Depart the Abyss, Bend Space, Banish, Corrupt, Enter the Abyss, Renounce
Religion, Evoke Flight


You were on level 6 of the Lair of Beasts.
You worshipped Lugonu.
Lugonu was exalted by your worship.
You were not hungry.

You visited 2 branches of the dungeon, and saw 16 of its levels.
You visited the Abyss 1 time.

You collected 1406 gold pieces.

Inventory:

Hand Weapons
 a - a +8 falchion of distortion (weapon)
 k - a +0 dagger of freezing
 l - a +2 hand axe of electrocution
 v - a cursed +5 battleaxe
 A - a +1 dagger of flaming
 D - a +1 short sword of draining
 J - a +3 spear
 N - a +2 hand axe of distortion
Missiles
 r - 3 steel tomahawks
 t - 23 tomahawks (quivered)
Armour
 F - a +1 large shield of positive energy (worn)
Jewellery
 c - a ring of flight (left tentacle)
 u - a +6 ring of evasion (right tentacle)
 x - an amulet of the gourmand (around mantle)
 H - an uncursed ring of fire
 K - a ring of poison resistance (on tentacle)
 R - a +4 ring of evasion (on tentacle)
Wands
 d - a wand of flame (7)
 e - a wand of disintegration (16)
 f - a wand of random effects (44)
 B - a wand of enslavement (21)
 E - a wand of polymorph (12)
 I - a wand of digging (5)
 Q - a wand of acid (5)
Scrolls
 g - 10 scrolls of remove curse
 h - 3 scrolls of enchant armour
 n - 4 scrolls of teleportation
 w - 2 scrolls of amnesia
 y - a scroll of fear
 C - 3 scrolls of magic mapping
 L - a scroll of torment {unknown}
 M - a scroll of blinking {unknown}
 U - 2 scrolls of summoning {unknown}
Potions
 i - 2 potions of invisibility
 j - 2 potions of mutation
 m - a potion of brilliance
 o - 4 potions of flight
 p - 2 potions of lignification
 q - 2 potions of ambrosia
 s - a potion of magic
 z - 3 potions of curing
 G - a potion of resistance
 O - a potion of cancellation
 T - 2 potions of agility {unknown}
Miscellaneous
 P - a lightning rod (3/4)
 S - a phial of floods (inert)
Comestibles
 b - 24 rations


   Skills:
 + Level 8.7 Fighting
 + Level 3.1(9.9) Short Blades
 + Level 14.1(14.2) Long Blades
 * Level 2.6 Throwing
 * Level 9.7 Dodging
 + Level 3.8 Stealth
 + Level 11.0 Shields
 * Level 3.9 Invocations
 * Level 1.9 Evocations


You had 12 spell levels left.
You didn't know any spells.
Your spell library contained the following spells:

 Spells                   Type           Power        Failure   Level  Hunger
 Magic Dart               Conj           #...         87%         1    ##.....
 Sting                    Conj/Pois      #...         87%         1    ##.....
 Summon Small Mammal      Summ           #...         87%         1    ##.....
 Call Imp                 Summ           #.......     95%         2    ###....
 Poisonous Vapours        Pois/Air       #.....       95%         2    ###....
 Searing Ray              Conj           #.....       95%         2    ###....
 Call Canine Familiar     Summ           #.......     99%         3    ####...
 Dazzling Spray           Conj/Hex       #.....       99%         3    ####...
 Ignite Poison            Fire/Tmut/Pois #.......     99%         3    ####...
 Mephitic Cloud           Conj/Pois/Air  #.......     99%         3    ####...
 Summon Guardian Golem    Hex/Summ       #.......     99%         3    ####...
 Force Lance              Conj/Tloc      #.......     100%        4    #####..
 Fulminant Prism          Conj/Hex       #.........   100%        4    #####..
 Iskenderun's Mystic Bla  Conj           #.......     100%        4    #####..
 Olgreb's Toxic Radiance  Pois           #.......     100%        4    #####..
 Summon Ice Beast         Ice/Summ       #.......     100%        4    #####..
 Summon Lightning Spire   Summ/Air       #.......     100%        4    #####..
 Fireball                 Conj/Fire      #.........   100%        5    ######.
 Venom Bolt               Conj/Pois      #.........   100%        5    ######.
 Bolt of Fire             Conj/Fire      #.........   100%        6    #######
 Ring of Flames           Chrm/Fire      #.........   100%        7    #######
 Ignition                 Fire           #.........   100%        8    #######


Dungeon Overview and Level Annotations

Branches:
Dungeon (10/15)            Temple (0/1) D:6            Lair (6/6) D:9
  Swamp (0/4) Lair:2       Spider (0/4) Lair:4        Slime (0/5) Lair:5
    Orc (0/2) D:10

Altars:
Gozag
Sif Muna
Zin
Jiyva

Shops:
D:4 %

Annotations:
Lair:5 4 runed translucent doors, Byadacin's ghost, journeyman GrFi; Uhin Nir's ghost, journeyman MiBe
Abyss:1 Gastronok


Innate Abilities, Weirdness & Mutations

You cannot wear most types of armour.
You are very stealthy in the water. (Stealth+)
You are amphibious.
You can wear up to eight rings at the same time.
You can use your tentacles to constrict eight enemies at once.
Your skin changes colour to match your surroundings (Stealth+).
Your rubbery body absorbs attacks. (AC +1, EV +1)
One of your tentacles bears a spike.
You are partially covered in large bone plates. (SH +4)
You passively map a small area around you.


Message History

The catoblepas bellows!
The catoblepas breathes a plume of calcifying dust at you.
The blast of calcifying dust hits you!
You block the four-headed hydra's attack.
The four-headed hydra bites you!
The four-headed hydra completely misses you.
The four-headed hydra misses you.
As you read the scroll of teleportation, it crumbles to dust.
You feel strangely unstable.
The catoblepas breathes a plume of calcifying dust at you.
The blast of calcifying dust hits you!
The four-headed hydra is engulfed in calcifying dust.
The four-headed hydra is moving more slowly.
You block the four-headed hydra's attack. x2
The four-headed hydra bites you.
* * * LOW HITPOINT WARNING * * *
The four-headed hydra bites you!!
* * * LOW HITPOINT WARNING * * *
The catoblepas gores you!
You die...

.....P..P.#...##.###.###..#....##
.......................†.......#
...............................#
...P#....##....§..##.#....##...#
P.PP.#.#.P......§.##.#...###...#
................§......... ....#
..............§..§.............#
..............#§#D##P......
.............wP.@#§###.#....
.............P.P.Y...... , , ,
........................
............##...........
............##.PPPP...... , *
.........................
........................., ,
.#...##..###............
#....###..#.............


You could see a catoblepas, a four-headed hydra (petrifying) and a torpor snail.

Vanquished Creatures
  Kirke (Lair:4)
  A hydra (Lair:6)
  2 death yaks (Lair:5)
  The ghost of UristMcMason the Destroyer, a journeyman DECj of Sif Muna (Lair:3)
  A lindwurm (Lair:5)
  6 elephants (Lair:4)
  3 black mambas
  Joseph (Lair:1)
  7 spiny frogs
  3 rime drakes
  6 komodo dragons
  A meliai (Lair:3)
  A hornet (Lair:3)
  A queen bee (Lair:3)
  3 blink frogs (Lair:4)
  6 hippogriffs
  A spriggan (D:7)
  Sigmund (D:6)
  2 wyverns
  4 hogs (Lair:4)
  13 yaks
  A warg (Lair:6)
  3 vampire mosquitoes (Lair:2)
  Edmund (D:6)
  13 water moccasins
  9 porcupines
  4 sky beasts
  2 ice beasts
  6 black bears
  4 phantoms
  5 orc warriors
  2 ogres (D:4)
  3 wolves
  8 centaurs
  8 crocodiles
  2 big kobolds
  Blork the orc (D:6)
  A gnoll sergeant (D:6)
  12 bullfrogs
  A scorpion (D:8)
  8 killer bees
  2 howler monkeys (D:9)
  7 wights
  2 electric eels
  6 crimson imps
  A centaur zombie (D:6)
  5 orc priests
  6 hounds
  6 jellies
  3 centaur skeletons
  14 orc wizards
  6 iguanas
  5 worker ants
  A killer bee zombie (D:9)
  2 hound zombies
  4 hound skeletons
  14 gnolls
  A howler monkey skeleton (D:5)
  9 adders
  3 shadow imps
  An ooze (D:1)
  2 adder skeletons
  2 worms
  A dart slug (D:3)
  4 leopard geckos
  40 orcs
  9 bats
  4 giant cockroaches
  6 goblins
  12 hobgoblins
  10 jackals
  11 kobolds
  7 quokkas
  3 frilled lizards
  2 quokka skeletons
  2 quokka zombies
  4 rats
376 creatures vanquished.

Vanquished Creatures (others)
  2 death yaks
  A spiny frog (Lair:6)
  A hippogriff (Lair:4)
  A blink frog (Lair:4)
  2 wyverns
  A hog (Lair:4)
  A human (Lair:4)
  A swamp drake (Lair:6)
  A porcupine (Lair:4)
  3 crocodiles
  31 fungi
  26 plants
  5 withered plants (Lair:5)
76 creatures vanquished.

Grand Total: 452 creatures vanquished

Notes
Turn   | Place    | Note
-------+----------+-------------------------------------------
     0 | Abyss:1  | Esekla the Octopode Abyssal Knight began the quest for the
                  | Orb.
     0 | Abyss:1  | Reached XP level 1. HP: 16/16 MP: 2/2
    22 | Abyss:2  | Found a corrupted altar of Lugonu.
    66 | Abyss:2  | Noticed a wretched star
    97 | Abyss:2  | Noticed a thrashing horror
    98 | Abyss:2  | Noticed an ancient zyme
   104 | Abyss:2  | Noticed a spatial vortex
   106 | D:1      | Escaped the Abyss
   227 | D:1      | Reached XP level 2. HP: 21/21 MP: 3/3
   583 | D:1      | Reached skill level 1 in Stealth
   699 | D:1      | Reached XP level 3. HP: 26/26 MP: 4/4
   973 | D:2      | Reached ** piety under Lugonu
  1105 | D:2      | Reached XP level 4. HP: 26/32 MP: 5/5
  1179 | D:2      | Noticed a big kobold
  1193 | D:2      | Killed a big kobold
  1193 | D:2      | Reached skill level 3 in Long Blades
  1193 | D:2      | Reached XP level 5. HP: 30/37 MP: 6/6
  1816 | D:3      | Reached *** piety under Lugonu
  2078 | D:4      | Reached skill level 4 in Long Blades
  2078 | D:4      | Reached XP level 6. HP: 32/43 MP: 7/7
  2082 | D:4      | Reached skill level 1 in Shields
  2089 | D:4      | Found Goecs's Food Shop.
  2544 | D:4      | Reached skill level 5 in Long Blades
  2544 | D:4      | Reached XP level 7. HP: 18/48 MP: 8/8
  2731 | D:4      | Found a deep blue altar of Sif Muna.
  2865 | D:4      | Gained mutation: You are partially covered in large bone
                  | plates. (SH +4) [potion of mutation]
  2865 | D:4      | Gained mutation: One of your tentacles bears a spike.
                  | [potion of mutation]
  2865 | D:4      | Gained mutation: You passively map a small area around you.
                  | [potion of mutation]
  2887 | D:5      | Entered Level 5 of the Dungeon
  3214 | D:6      | Noticed Edmund
  3565 | D:5      | Reached skill level 6 in Long Blades
  3573 | D:5      | Reached XP level 8. HP: 43/54 MP: 9/9
  3580 | D:5      | Reached **** piety under Lugonu
  3763 | D:6      | Noticed Sigmund
  3772 | D:6      | Killed Sigmund
  3829 | D:6      | Reached skill level 7 in Long Blades
  3897 | D:6      | Reached skill level 1 in Short Blades
  4329 | D:6      | Reached skill level 5 in Fighting
  4439 | D:6      | Found a staircase to the Ecumenical Temple.
  4541 | D:6      | Reached skill level 8 in Long Blades
  4541 | D:6      | Reached XP level 9. HP: 54/61 MP: 10/10
  5274 | D:6      | Killed Edmund
  5274 | D:6      | Reached skill level 9 in Long Blades
  5428 | D:6      | Noticed Blork the orc
  5593 | D:6      | Killed Blork the orc
  5593 | D:6      | Reached ***** piety under Lugonu
  5694 | D:7      | Reached skill level 5 in Shields
  6160 | D:7      | Reached skill level 10 in Long Blades
  6160 | D:7      | Reached skill level 5 in Dodging
  6160 | D:7      | Reached XP level 10. HP: 68/68 MP: 11/11
  6653 | D:8      | Found an opulent altar of Gozag.
  8870 | D:9      | Reached skill level 11 in Long Blades
  8934 | D:9      | Found a staircase to the Lair.
  9196 | D:9      | Reached XP level 11. HP: 69/73 MP: 12/12
  9315 | D:10     | Entered Level 10 of the Dungeon
  9324 | D:10     | Found a staircase to the Orcish Mines.
  9707 | Lair:1   | Entered Level 1 of the Lair of Beasts
  9851 | Lair:1   | Noticed Joseph
 10079 | Lair:1   | Killed Joseph
 10941 | Lair:1   | Reached skill level 12 in Long Blades
 11224 | Lair:2   | HP: 3/74 [water moccasin (6)]
 11813 | Lair:2   | Noticed a six-headed hydra
 11834 | Lair:2   | HP: 3/75 [six-headed hydra (6)]
 12282 | Lair:2   | Reached ****** piety under Lugonu
 12297 | Lair:2   | Identified a +5 falchion of distortion (a +3 falchion
                  | corrupted by Lugonu)
 12297 | Lair:2   | Received a gift from Lugonu
 12307 | Lair:2   | Found a staircase to the Swamp.
 13513 | Lair:3   | Identified a scroll of acquirement
 13574 | Lair:3   | Noticed Gastronok
 13666 | Lair:3   | Banished Gastronok
 13666 | Lair:3   | Reached XP level 12. HP: 77/81 MP: 14/14
 13846 | Lair:3   | Found a transporter.
 13846 | Lair:3   | Found a transporter.
 13871 | Lair:3   | Noticed UristMcMason's ghost (journeyman DECj)
 14663 | Lair:3   | Killed UristMcMason's ghost
 15008 | Lair:4   | Reached skill level 13 in Long Blades
 15405 | Lair:4   | Noticed a seven-headed hydra
 15422 | Lair:4   | HP: 3/82 [blink frog (19)]
 15797 | Lair:4   | Found a hole to the Spider Nest.
 15847 | Lair:4   | Noticed Kirke
 15926 | Lair:4   | Reached skill level 10 in Shields
 15947 | Lair:4   | Killed Kirke
 16038 | Lair:4   | Noticed a death yak
 16038 | Lair:4   | a seven-headed hydra changed into a death yak
 16048 | Lair:4   | Banished a death yak
 16079 | Lair:4   | Found a glowing silver altar of Zin.
 16096 | Lair:4   | Reached XP level 13. HP: 86/89 MP: 15/15
 16619 | Lair:5   | Found a runed translucent door.
 16735 | Lair:5   | Found a runed translucent gate.
 16735 | Lair:5   | Found a runed translucent gate.
 16735 | Lair:5   | Found a runed translucent gate.
 16736 | Lair:5   | Noticed Byadacin's ghost (journeyman GrFi)
 16737 | Lair:5   | Noticed Uhin Nir's ghost (journeyman MiBe)
 16815 | Lair:5   | Found a viscous altar of Jiyva.
 16815 | Lair:5   | Noticed an azure jelly
 17033 | Lair:5   | Reached skill level 1 in Throwing
 17074 | Lair:5   | Reached skill level 14 in Long Blades
 17095 | Lair:5   | Noticed an azure jelly
 17339 | Lair:5   | Noticed an azure jelly
 17433 | Lair:5   | Found a staircase to the Slime Pits.
 17604 | Lair:6   | Entered Level 6 of the Lair of Beasts
 17613 | Lair:6   | Reached skill level 1 in Evocations
 18601 | Lair:6   | HP: 4/89 [four-headed hydra (18)]
 18601 | Lair:6   | Mangled by a catoblepas

Levels and vault maps discovered:
D:1:      minmay_arrival_split_and_join, layout_loops_ring,
          minmay_misc_feat_doors, serial_bayou_lagoon_a, corexii_corridor_pit
D:2:      layout_loops_ring
D:3:      layout_rooms
D:4:      layout_cave_pools, led_sif_pool, first_ration, serial_shops, shop,
          minmay_quantized
D:5:      layout_loops_cross
D:6:      minmay_polygon_palace, layout_basic, minmay_temple_entry_junction,
          uniq_sigmund, uniq_blork_the_orc, uniq_edmund
D:7:      layout_cave_pods, the_bakery, minmay_misc_feat_x
D:8:      layout_loops_corners, basic_altar
D:9:      layout_basic, due_lair_maze_entry_diamond
D:10:     layout_small_grid, david_orc_3
Lair:1:   layout_loops_ring, lemuel_old_faithful, uniq_joseph
Lair:2:   layout_loops_ring, minmay_swamp_entry_swarm, st_stairs_7,
          beast_lair_carwin_4, infiniplex_staircase_pool_2
Lair:3:   layout_regular_city, gammafunk_ghost_hive, uniq_gastronok
Lair:4:   layout_cave_pods, dummy_spider_entry, basic_altar,
          nicolae_quartered_pool_super, lemuel_fruit_fields, uniq_kirke
Lair:5:   layout_cave_shapes, slime_altar_2, gammafunk_ghost_cemetery
Lair:6:   guppyfry_lair_end_dragon, layout_long_grid,
          hangedman_lair_caniforms_friends, st_stairs_5
Abyss:1
Abyss:2:  due_exit_kobolds

Skill      XL: |  1  2  3  4  5  6  7  8  9 10 11 12 13 |
---------------+----------------------------------------+-----
Stealth        | 1 2 3 |  3.8
Long Blades    | 3 4 5 6 8 10 11 12 13 14 | 14.1
Fighting       | 4 5 6 7 8 |  8.7
Shields        | 1 2 3 5 7 9 10 11 | 11.0
Dodging        | 3 4 5 6 7 8 9 |  9.7
Short Blades   | 1 2 3 |  3.1
Invocations    | 3 |  3.9
Throwing       | 2 |  2.6
Evocations     | 1 |  1.9

Action                   |  1- 3 |  4- 6 |  7- 9 | 10-12 | 13-15 || total
-------------------------+-------+-------+-------+-------+-------++-------
Melee: Falchion          |    56 |   104 |   321 |   678 |   200 ||  1359
       Constrict         |    16 |    35 |    67 |    95 |    16 ||   229
       Tentacles         |     7 |    21 |    88 |   192 |    45 ||   353
       Dagger            |     2 |     7 |    36 |     6 |       ||    51
       Kick              |       |       |   113 |   232 |    76 ||   421
       Short sword       |       |       |     9 |     3 |     5 ||    17
Throw: Tomahawk          |       |     1 |    11 |    20 |    13 ||    45
Invok: Bend Space        |       |     1 |       |     6 |     1 ||     8
       Brand Weapon With |       |       |       |     1 |       ||     1
Evoke: Wand              |       |       |       |     1 |     3 ||     4
       Lightning rod     |       |       |       |       |     1 ||     1
       Phial of floods   |       |       |       |       |     1 ||     1
  Use: Scroll            |       |     7 |     3 |    20 |     3 ||    33
       Potion            |       |     1 |     6 |     5 |     1 ||    13
 Stab: Sleeping          |     7 |     3 |    24 |     9 |     2 ||    45
       Distracted        |       |       |       |     6 |       ||     6
  Eat: Ration            |     1 |     1 |     3 |     7 |       ||    12
       Chunk             |       |       |       |    13 |     6 ||    19
Armor: Skin              |     1 |     6 |    18 |     6 |     1 ||    32
Dodge: Dodged            |    35 |    53 |   126 |   266 |    72 ||   552
Block: Shield            |       |    27 |   152 |   219 |       ||   398
       Large shield      |       |       |       |   143 |   149 ||   292
       Rpst.: Falchion   |     7 |    18 |    39 |    67 |    11 ||   142

Table legend:
 A = Non-vault XP
 B = Vault XP
 C = Vault XP percentage of total XP
 D = Non-vault monster count
 E = Vault monster count
 F = Vault count percentage of total count
                 A         B        C        D         E       F
            +---------+---------+-------+---------+---------+-------
      Total |   32187 |   12695 |  28.3 |     331 |      61 |  15.6
            +---------+---------+-------+---------+---------+-------
        D:1 |      37 |       0 |   0.0 |      17 |       0 |   0.0
        D:2 |     158 |       0 |   0.0 |      22 |       0 |   0.0
        D:3 |      82 |       0 |   0.0 |      32 |       0 |   0.0
        D:4 |     471 |      49 |   9.4 |      14 |       3 |  17.6
        D:5 |     466 |       0 |   0.0 |      24 |       0 |   0.0
        D:6 |    1531 |     934 |  37.9 |      34 |      14 |  29.2
        D:7 |    1254 |     224 |  15.2 |      36 |       1 |   2.7
        D:8 |     955 |       0 |   0.0 |      23 |       0 |   0.0
        D:9 |    1981 |    1271 |  39.1 |      31 |       9 |  22.5
       D:10 |     428 |     317 |  42.6 |       4 |       4 |  50.0
     Lair:1 |    2290 |     857 |  27.2 |      13 |       3 |  18.8
     Lair:2 |    1417 |    1553 |  52.3 |       8 |       8 |  50.0
     Lair:3 |    2320 |    3712 |  61.5 |      11 |       9 |  45.0
     Lair:4 |    9666 |    3039 |  23.9 |      33 |       6 |  15.4
     Lair:5 |    4795 |       0 |   0.0 |      14 |       0 |   0.0
     Lair:6 |    4336 |     739 |  14.6 |      15 |       4 |  21.1
            +---------+---------+-------+---------+---------+-------
